 Dungeon Crawl Stone Soup version 0.29.0-13-gc9e81de378 (webtiles) character file.

Game seed: 12600241904427352736

36 gelatine the Trooper (level 3, -2/34 HPs)
             Began as a Minotaur Berserker on Sept 8, 2022.
             Was a Believer of Trog.
             Slain by a gnoll
             ... wielding a +2 spear of freezing
              (7 damage)
             ... on level 2 of the Dungeon.
             The game lasted 00:01:36 (1536 turns).

gelatine the Trooper (Minotaur Berserker)           Turns: 1536, Time: 00:01:37

Health: -2/34      AC:  2    Str: 23    XL:     3   Next: 19%
Magic:  2/2        EV: 12    Int:  4    God:    Trog [**....]
Gold:   110        SH:  0    Dex:  9    Spells: 2/2 levels left

rFire   . . .      SeeInvis .   a - +0 hand axe
rCold   . . .      Faith    .   (no shield)
rNeg    . . .      Spirit   .   b - +0 animal skin
rPois   .          Reflect  .   (helmet restricted)
rElec   .          Harm     .   (no cloak)
rCorr   .          Rampage  .   (no gloves)
Will    .....                   (no boots)
Stlth   +.........              (no amulet)
HPRegen 0.11/turn               (no ring)
MPRegen 0.08/turn               (no ring)

@: no status effects
A: horns 2, retaliatory headbutt
a: Renounce Religion, Berserk, Trog's Hand


You were on level 2 of the Dungeon.
You worshipped Trog.
Trog was pleased with you.
You visited 1 branch of the dungeon, and saw 2 of its levels.

You collected 110 gold pieces.

Inventory:

Hand Weapons
 a - a +0 hand axe (weapon)
Armour
 b - a +0 animal skin (worn)
Scrolls
 d - 2 scrolls of fog {unknown}
 e - a scroll of fear {unknown}
 f - 4 scrolls of identify {unknown}
 g - a scroll of poison {unknown}
 i - a scroll of blinking {unknown}
Potions
 c - a potion of brilliance {unknown}
 h - a potion of flight {unknown}


   Skills:
 + Level 4.4 Fighting
 + Level 4.1 Axes
 + Level 2.6 Armour
 + Level 2.6 Dodging


You had 2 spell levels left.
You didn't know any spells.
Your spell library was empty.

Dungeon Overview and Level Annotations

Branches:
Dungeon (2/15)

Altars:


Innate Abilities, Weirdness & Mutations

You have a pair of horns on your head.
You reflexively headbutt those who attack you in melee.


Message History

You kill the giant cockroach!
Trog accepts your kill.
You can now call upon Trog for regeneration and willpower.
You see here a giant cockroach corpse.
You now have 110 gold pieces (gained 18).
f - 4 scrolls labelled FEATEV JIRENI (gained 1)
You open the door.
There is an open door here.
You open the door.
There is an open door here.
Found 2 stones.
You see here 2 stones.
A gnoll comes into view. It is wielding a +0 flail.
The gnoll shouts!
You hear a shout!
A gnoll comes into view. It is wielding a +2 spear of freezing.
A gnoll comes into view. It is wielding a +0 club.
The gnoll throws a throwing net.
The throwing net hits you.
You become entangled in the net!
You see here a throwing net.
You tear a large gash into the net.
You struggle against the net.
The gnoll shouts!
You rip the net and break free!
You slash the gnoll! Your headbutt misses the gnoll.
The gnoll is heavily wounded.
The gnoll barely misses you.
You barely miss the gnoll.
The gnoll is heavily wounded.
The gnoll barely misses you.
The gnoll hits you from afar with a +2 spear of freezing.
The gnoll freezes you.
The gnoll hits you from afar with a +2 spear of freezing.
The gnoll freezes you. The gnoll hits you with a +0 flail!
* * * LOW HITPOINT WARNING * * *
You hit the gnoll.
The gnoll is almost dead.
The gnoll hits you with a +0 flail.
* * * LOW HITPOINT WARNING * * *
The gnoll hits you from afar with a +2 spear of freezing!
You die...

#....##.. .... #...##...
.... ####.##..# ####
......+.. #..# .....##..
#..# ..รท...#.# #..#
.####.#.## #..#
....#....#####..#####...
.##.###.#(......@gg.....
.###....#...#...#.g.....
.##########.#...########
..##...# #..#...#
...#.#.# #+###..#
...#.#.# #### ...#.#.#
...#.#.# ####.#.#


You could see 3 gnolls.

Vanquished Creatures
  An adder (D:2)
  A dart slug (D:2)
  A ball python (D:1)
  An endoplasm (D:1)
  A giant cockroach (D:2)
  2 goblins (D:1)
  4 hobgoblins
  2 quokkas
  5 bats
  2 frilled lizards
  A kobold (D:1)
  3 rats (D:1)
24 creatures vanquished.

Notes
Turn   | Place    | Note
-------+----------+-------------------------------------------
     0 | D:1      | gelatine the Minotaur Berserker began the quest for the
                  | Orb.
     0 | D:1      | Reached XP level 1. HP: 19/19 MP: 0/0
   462 | D:1      | Found a faded altar of an unknown god.
   503 | D:1      | Reached XP level 2. HP: 24/27 MP: 1/1
  1262 | D:2      | Reached XP level 3. HP: 33/34 MP: 2/2
  1399 | D:2      | Reached ** piety under Trog
  1536 | D:2      | Slain by a gnoll

Illustrated notes

Levels and vault maps discovered:
D:1:      dpeg_arrival_arbitrary_b, layout_rooms, basic_ecumenical_altar
D:2:      layout_basic, serial_co_window_serial, co_window_corner_a,
          co_window_of_opportunity_a, co_window_of_opportunity_a,
          co_window_paths_a, co_window_corner_a, co_window_cross_2,
          co_window_corner_b, co_window_broadway_a, co_window_corner_ca,
          co_window_unsneaky_path_d, glass_columns_a, glass_columns_a,
          glass_columns_a, glass_columns_b, glass_columns_b, st_stairs_4,
          chequers_arboretum

Skill      XL: |  1 |
---------------+----+-----
Axes           | 4 |  4.1
Fighting       | 4 |  4.4
Armour         | |  2.6
Dodging        | |  2.6

Action                   || total
-------------------------++-------
Melee: Hand axe          ||    56
       Headbutt          ||    10
Armor: Animal skin       ||    18
Dodge: Dodged            ||    50
